 Dungeon Crawl Stone Soup version 0.19.0-2-gae57169 (webtiles) character file.

4050 dvd the Grappler (level 10, -5/91 HPs)
             Began as a Troll Hunter on Nov 6, 2016.
             Was a Follower of Cheibriados.
             Slain by an orc warrior
             ... wielding a +0 mace
              (20 damage)
             ... on level 7 of the Dungeon.
             The game lasted 00:23:22 (5974 turns).

dvd the Grappler (Troll Hunter)                     Turns: 5974, Time: 00:23:22

Health: -5/91      AC:  8    Str: 23 (25) XL:     10   Next: 4%
Magic:  6/9        EV: 12    Int:  9 (10) God:    Cheibriados [*.....]
Gold:   363        SH:  0    Dex: 13 (16) Spells: 0 memorised, 9 levels left

rFire  . . .     SeeInvis .       - Unarmed
rCold  . . .     Gourm    +     b - +0 robe
rNeg   . . .     Faith    .     (no shield)
rPois  +         Spirit   .     (helmet restricted)
rElec  .         Reflect  .     A - +2 cloak
rCorr  .         Harm     .     (gloves unavailable)
MR     .....     Rnd*Tele +     (boots unavailable)
Stlth  ++........               (no amulet)
                                (no ring)
                                J - ring of poison resistance

@: very slow
A: unfitting armour, claws 3, fast metabolism 3, gourmand, mutation resistance
1, regeneration 1, shaggy fur 1, teleportitis 1, tough skin 2
a: Bend Time, Renounce Religion


You were on level 7 of the Dungeon.
You worshipped Cheibriados.
Cheibriados was aware of your devotion.
You were very full.

You visited 2 branches of the dungeon, and saw 8 of its levels.

You collected 363 gold pieces.

Inventory:

Hand Weapons
 c - a +2 short sword of venom
 r - a +2 short sword of draining
 C - a +1 mace of draining
 G - a +3 mace of holy wrath
 H - a +1 dagger of draining
 O - a +0 short sword of venom
Missiles
 P - a large rock
 Q - a tomahawk (quivered)
Armour
 b - a +0 robe (worn)
 A - a +2 cloak (worn)
Jewellery
 o - an uncursed ring of fire
 J - a ring of poison resistance (left claw)
Wands
 h - a wand of paralysis (10/24)
 t - a wand of confusion (16/48)
 v - a wand of paralysis (1/24)
 y - a wand of polymorph (12/24)
 M - a wand of lightning (10/15)
Scrolls
 e - 4 scrolls of remove curse
 g - 3 scrolls of fear
 i - 2 scrolls of enchant weapon
 k - 4 scrolls of identify
 n - 2 scrolls of enchant armour
 F - a scroll of teleportation
Potions
 j - 2 potions of curing
 D - a potion of brilliance
Comestibles
 a - 5 meat rations
 d - a royal jelly
 f - 8 bread rations
 l - a beef jerky
 p - 6 mutagenic chunks of flesh
 E - 3 fruits


   Skills:
 + Level 3.6 Fighting
 + Level 8.2 Throwing
 + Level 4.9 Dodging
 + Level 1.5 Stealth
 + Level 9.5 Unarmed Combat


You had 9 spell levels left.
You didn't know any spells.

Dungeon Overview and Level Annotations

Branches:
Dungeon (7/15)             Temple (1/1) D:6

Altars:
Ashenzari
Cheibriados
Dithmenos
Elyvilon
Fedhas
Gozag
Hepliaklqana
Kikubaaqudgha
Makhleb
Nemelex Xobeh
Okawaru
Qazlal
Ru
Sif Muna
Trog
Uskayaw
Vehumet
Xom
Yredelemnul
Zin
The Shining One

Shops:
D:6 ((


Innate Abilities, Weirdness & Mutations

You are too large for most types of armour.
You have claws for hands.
Your metabolism is lightning-fast.
You like to eat raw meat.
Your natural rate of healing is unusually fast.
You are covered in fur. (AC +1)
You have very tough skin. (AC +2)
You are somewhat resistant to further mutation.
You are occasionally teleported next to monsters.


Message History

The orc is heavily wounded.
The orc completely misses you.
You claw the orc!
You kill the orc!
Cheibriados appreciates the change of pace.
You barely miss the orc. The orc barely misses you.
You scratch the orc.
The orc is severely wounded.
The orc barely misses you.
You claw the orc!
You kill the orc!
Cheibriados appreciates the change of pace.
You closely miss the orc warrior. Your claw misses the orc warrior.
The orc warrior is moderately wounded.
The orc warrior hits you with a mace!
* * * LOW HITPOINT WARNING * * *
You closely miss the orc warrior. You claw the orc warrior.
The orc warrior is heavily wounded.
The orc warrior hits you with a mace!!
You die...

## #. # #. ....######### #.
.......oo@..####### #.
.......)###.......# #.
.....##.# #.#####.# #.
.....##.# #.# ##+#######.
.###....# #.# #.<........ #
.......###.####.(........ #.
#.#..........['.......... ####.
#.#.##..##.####..........
#.....#.#.##...................


You could see an orc warrior and an orc priest.

Vanquished Creatures
  Pikel (D:4)
  Joseph (D:7)
  2 hippogriffs (D:7)
  Menkaure (D:4)
  Duvessa (D:4)
  2 ice beasts
  A sky beast (D:7)
  3 ogres
  An orc warrior (D:7)
  The ghost of Asilar the Poker, an amateur MfSk (D:3)
  A crocodile (D:7)
  4 centaurs
  2 big kobolds (D:7)
  2 bullfrogs (D:7)
  Dowan (D:4)
  A scorpion (D:5)
  4 wights (D:7)
  2 howler monkeys (D:4)
  2 crimson imps (D:7)
  A bullfrog zombie (D:7)
  2 jellies
  A quasit (D:7)
  Crazy Yiuf (D:4)
  A hound (D:7)
  2 bullfrog skeletons
  3 orc priests
  8 orc wizards
  3 iguanas
  3 worker ants
  A killer bee zombie (D:5)
  A hound skeleton (D:5)
  7 adders
  A shadow imp (D:7)
  An ooze (D:5)
  An adder skeleton (D:5)
  3 worms
  A dart slug (D:1)
  4 leopard geckos
  30 orcs
  A ball python (D:3)
  9 bats
  4 giant cockroaches
  7 goblins
  3 hobgoblins
  18 kobolds
  3 quokkas
  6 frilled lizards (D:1)
  A leopard gecko skeleton (D:5)
  4 rats
164 creatures vanquished.

Vanquished Creatures (others)
  A slave (D:4)
1 creature vanquished.

Grand Total: 165 creatures vanquished

Notes
Turn   | Place    | Note
-------+----------+-------------------------------------------
     0 | D:1      | dvd the Troll Hunter began the quest for the Orb.
     0 | D:1      | Reached XP level 1. HP: 19/19 MP: 0/0
   234 | D:1      | Reached XP level 2. HP: 27/27 MP: 1/1
   433 | D:1      | Reached XP level 3. HP: 29/35 MP: 2/2
  1234 | D:2      | Found a burning altar of Makhleb.
  1236 | D:2      | Noticed a blizzard demon
  1507 | D:3      | Reached skill level 1 in Unarmed Combat
  1602 | D:3      | Found an ancient bone altar of Kikubaaqudgha.
  1743 | D:3      | Reached XP level 4. HP: 38/42 MP: 3/3
  1903 | D:3      | Noticed Asilar's ghost (amateur MfSk)
  2099 | D:3      | Killed Asilar's ghost
  2099 | D:3      | Reached skill level 2 in Unarmed Combat
  2099 | D:3      | Reached XP level 5. HP: 24/49 MP: 4/4
  2123 | D:3      | Reached skill level 5 in Throwing
  2387 | D:4      | Noticed Menkaure
  2390 | D:4      | Killed Menkaure
  2390 | D:4      | Reached skill level 3 in Unarmed Combat
  2390 | D:4      | Reached XP level 6. HP: 57/57 MP: 5/5
  2402 | D:4      | Noticed a slave
  2404 | D:4      | Noticed Pikel
  2404 | D:4      | Noticed a slave
  2404 | D:4      | Noticed a slave
  2407 | D:4      | Noticed a slave
  2411 | D:4      | Paralysed by Pikel for 2 turns
  2416 | D:4      | Killed Pikel
  2416 | D:4      | Reached skill level 4 in Unarmed Combat
  2416 | D:4      | Reached XP level 7. HP: 34/66 MP: 6/6
  2473 | D:4      | Reached skill level 1 in Stealth
  2520 | D:4      | Noticed Duvessa
  2529 | D:4      | Killed Duvessa
  2529 | D:4      | Reached skill level 5 in Unarmed Combat
  2529 | D:4      | Reached XP level 8. HP: 57/74 MP: 7/7
  2626 | D:4      | Noticed Dowan
  2629 | D:4      | Killed Dowan
  2758 | D:4      | Found a runed door.
  2762 | D:4      | Noticed Crazy Yiuf
  2767 | D:4      | Killed Crazy Yiuf
  3153 | D:5      | Entered Level 5 of the Dungeon
  3219 | D:5      | Reached skill level 6 in Unarmed Combat
  3317 | D:5      | Found an iron altar of Okawaru.
  3898 | D:5      | Reached skill level 7 in Unarmed Combat
  4256 | D:6      | Reached XP level 9. HP: 76/81 MP: 8/8
  4495 | D:6      | Found a staircase to the Ecumenical Temple.
  4539 | Temple   | Entered the Ecumenical Temple
  4681 | Temple   | Became a worshipper of Cheibriados the Contemplative
  4801 | D:6      | Found Irof's Antique Weapon Shop.
  4878 | D:6      | Found Kirercho's Weapon Boutique.
  5120 | D:7      | Reached skill level 8 in Unarmed Combat
  5272 | D:7      | Reached * piety under Cheibriados
  5338 | D:7      | Noticed Joseph
  5368 | D:7      | Killed Joseph
  5368 | D:7      | Reached skill level 9 in Unarmed Combat
  5500 | D:7      | Gained mutation: You are somewhat resistant to further mutation. [potion of mutation]
  5500 | D:7      | Gained mutation: You are occasionally teleported next to monsters. [potion of mutation]
  5967 | D:7      | Reached XP level 10. HP: 27/91 MP: 5/9
  5974 | D:7      | Slain by an orc warrior

Skill      XL: |  1  2  3  4  5  6  7  8  9 |
---------------+----------------------------+-----
Throwing       | 4 5 6 7 8 |  8.2
Unarmed Combat | 1 2 3 4 5 7 9 |  9.5
Dodging        | 2 3 4 |  4.9
Fighting       | 2 3 |  3.6
Stealth        | 1 |  1.5

Action                   |  1- 3 |  4- 6 |  7- 9 | 10-12 || total
-------------------------+-------+-------+-------+-------++-------
Melee: Unarmed           |    97 |    53 |   260 |     7 ||   417
       Punch             |       |       |    11 |     1 ||    12
Throw: Large rock        |    26 |    18 |    53 |       ||    97
       Throwing net      |       |       |     3 |       ||     3
       Tomahawk          |       |       |    30 |       ||    30
Invok: Bend Time         |       |       |     1 |       ||     1
Evoke: Wand              |       |       |     1 |       ||     1
  Use: Scroll            |       |       |    13 |       ||    13
       Potion            |       |       |    12 |       ||    12
 Stab: Sleeping          |     2 |       |       |       ||     2
       Held in net/web   |       |       |     1 |       ||     1
  Eat: Chunk             |    15 |     8 |    36 |       ||    59
Armor: Robe              |    34 |    11 |    79 |       ||   124
Dodge: Dodged            |    50 |    35 |   136 |     3 ||   224
